 Dungeon Crawl Stone Soup version 0.29-a0-97-g88c9fad16d (webtiles) character file.

Game seed: 12330066199244978068

5931 ooooo the Devastator (level 10, -4/84 HPs)
             Began as an Octopode Conjurer on Feb 13, 2022.
             Was an Initiate of Gozag.
             Slain by a white ugly thing (28 damage)
             ... on level 7 of the Dungeon.
             The game lasted 00:43:54 (19051 turns).

ooooo the Devastator (Octopode Conjurer)           Turns: 19051, Time: 00:43:54

Health: -4/84      AC: 25    Str:  6    XL:     10   Next: 83%
Magic:  2/13       EV:  2    Int: 24    God:    Gozag
Gold:   956        SH:  0    Dex: 12    Spells: 2/13 levels left

rFire   . . .      SeeInvis .   p - +2 short sword (flame)
rCold   . . .      Faith    .   (no shield)
rNeg    . . .      Spirit   .   (helmet currently unavailable)
rPois   +          Reflect  .   (no amulet)
rElec   .          Harm     .   v - ring of poison resistance
rCorr   .          Rampage  .   (no ring)
Will    .....      NoTele   +   (no ring)
Stlth   ++........              (no ring)
HPRegen 0.24/turn               (no ring)
MPRegen 0.13/turn               (no ring)
                                (no ring)
                                (no ring)

@: tree-form, hasted, studying Dodging, very quick
A: stationary, stasis, torment immunity, boosted hp, almost no armour,
(amphibious), 8 rings, (camouflage 1), (gelatinous body 1), (nimble swimmer 1),
(tentacles)
a: Renounce Religion, Potion Petition, Call Merchant, Bribe Branch


You were on level 7 of the Dungeon.
You worshipped Gozag.
Gozag was pleased with you.
You were a tree.
You visited 2 branches of the dungeon, and saw 8 of its levels.

You collected 1003 gold pieces.
You paid 47 gold pieces to Gozag.

Inventory:

Hand Weapons
 a - a -1 dagger of freezing
 p - a +2 short sword of flaming (weapon)
Missiles
 j - 2 throwing nets
Jewellery
 k - a ring of ice
 l - an amulet of guardian spirit
 v - a ring of poison resistance (left branch)
 w - the ring of Vapar {rF- rCorr Str-2 Dex+6 SInv}
   (You took it off a gnoll sergeant on level 7 of the Dungeon)

   [ring of dexterity]

   Str:       It affects your strength (-2).
   Dex:       It affects your dexterity (+6).
   rF:        It makes you vulnerable to fire.
   SInv:      It lets you see invisible.
   rCorr:     It protects you from acid and corrosion.
Wands
 t - a wand of acid (1)
Scrolls
 e - a scroll of teleportation
 h - 2 scrolls of enchant armour
 i - a scroll of magic mapping {unknown}
 o - 2 scrolls of enchant weapon
 q - a scroll of torment {unknown}
 r - a scroll of fog {unknown}
 u - a scroll of immolation {unknown}
Potions
 b - 3 potions of might
 d - a potion of flight
 f - 2 potions of mutation
 g - 5 potions of curing
 m - 2 potions of magic
 n - a potion of ambrosia {unknown}


   Skills:
 - Level 2.0 Dodging
 - Level 2.6 Stealth
 - Level 2.0 Spellcasting
 + Level 16.1 Conjurations


You had 2 spell levels left.
You knew the following spells:

 Your Spells              Type           Power      Damage    Failure   Level
a - Magic Dart            Conj           100%       1d8       0%          1
b - Searing Ray           Conj           100%       2d8       1%          2
c - Fulminant Prism       Conj/Hex       20%        3d13      4%          4
d - Iskenderun's Mystic   Conj/Tloc      41%        2d9       4%          4

Your spell library contained the following spells:

 Spells                   Type           Power      Damage    Failure   Level
 Foxfire                  Conj/Fire      100%       2x1d9     1%          1
 Corpse Rot               Necr/Air       4%         N/A       19%         2
 Ensorcelled Hibernation  Hex/Ice        4%         N/A       19%         2
 Poisonous Vapours        Pois/Air       4%         N/A       19%         2
 Conjure Flame            Conj/Fire      41%        6-21      1%          3
 Dazzling Flash           Conj/Hex       82%        N/A       1%          3
 Flame Wave               Conj/Fire      41%        2d9       4%          4
 Inner Flame              Hex/Fire       2%         N/A       34%         3
 Spider Form              Tmut/Pois      2%         N/A       34%         3
 Anguish                  Hex/Necr       1%         N/A       75%         4


Dungeon Overview and Level Annotations

Branches:
Dungeon (7/15)             Temple (1/1) D:4

Altars:
Ashenzari
Cheibriados
Dithmenos
Fedhas
Gozag
Hepliaklqana
Kikubaaqudgha
Makhleb
Okawaru
Qazlal
Ru
Sif Muna
Trog
Uskayaw
Vehumet
Wu Jian
Xom
Yredelemnul
Zin
The Shining One

Shops:
D:4 [   D:6 (   D:7 *

Annotations:
D:6 2 transporters, Menkaure


Innate Abilities, Weirdness & Mutations

You are a tree.
Your roots penetrate the ground, keeping you stationary.
You cannot be teleported.
You are immune to unholy pain and torment.
Your maximum health is greatly increased.
You cannot wear most types of armour.
((You are amphibious.))
You can wear up to eight rings at the same time.
((Your skin changes colour to match your surroundings (Stealth+).))
((Your rubbery body absorbs attacks. (AC +1, EV +1)))
((You are camouflaged when in or above water. (Stealth+)))
((You have tentacles for arms and can constrict up to eight enemies at once.))


Message History

There is a stone staircase leading up here.
Casting: Searing Ray (safe; 1% risk of failure)
Confirm with . or Enter, or press ? or * to list all spells.
Aiming: Fulminant Prism (dangerous; 4% risk of failure)
Press: ? - help, Dir - move target You conjure a prism of explosive energy!
A fulminant prism comes into view.
Casting: Fulminant Prism (dangerous; 4% risk of failure)
Confirm with . or Enter, or press ? or * to list all spells.
Okay, then.
Casting: Fulminant Prism (dangerous; 4% risk of failure)
Confirm with . or Enter, or press ? or * to list all spells.
Aiming: Searing Ray (safe; 1% risk of failure)
Press: ? - help, Shift-Dir - straight line, f - white ugly thing
Aim: a white ugly thing (ally target, 83% to hit)
The searing ray hits the white ugly thing!
The white ugly thing is lightly wounded. (Press . to maintain the ray.)
Your fulminant prism crackles loudly.
The searing ray misses the white ugly thing.
Your fulminant prism explodes!
The blast of energy engulfs the white ugly thing!
The white ugly thing is moderately wounded.
Casting: Searing Ray (safe; 1% risk of failure)
Confirm with . or Enter, or press ? or * to list all spells.
Okay, then.
The searing ray misses the white ugly thing.
The white ugly thing claws you. The white ugly thing freezes you!!
Okay, then.
Okay, then.
Really quaff the potion of lignification?
You turn into a tree.
Your roots penetrate the ground.
The white ugly thing claws you but does no damage.
You feel better. The white ugly thing claws you!
The white ugly thing freezes you!
You feel yourself speed up. The white ugly thing claws you.
* * * LOW HITPOINT WARNING * * *
The white ugly thing freezes you!!
You die...
Your body crumbles into a pile of gold.

# # ####### ######## ......#
#......# ##### ####..# #......#
#...# ...#..# #......####
########...#
...#..###.........###......#...#
...+............#.....####.#...##
...#........(...♣u...............
...#..........#.#...#.####.##'#.#
####......(#.............#.##.#.#
...........#...#.....###.#.##.#.#
...........#.........###.#......#
....)......#.#.#.......#.#.##.###
...........#.#[......#.#.#.##.#
.[...)......)..........#u####.#
...[........)####..#####.# #.#


You could see a white ugly thing.

Vanquished Creatures
  2 hydras (D:7)
  A deep elf pyromancer (D:7)
  A manticore (D:7)
  Maggie (D:7)
  A troll (D:6)
  6 yaks
  A steam dragon (D:7)
  A wyvern (D:7)
  A water moccasin (D:7)
  Duvessa (D:6)
  A hornet zombie (D:7)
  4 orc warriors
  An ogre (D:5)
  2 ice beasts (D:7)
  A phantom (D:7)
  Blork the orc (D:5)
  2 bullfrogs
  A scorpion (D:7)
  A gnoll sergeant (D:7)
  Dowan (D:6)
  A water moccasin skeleton (D:6)
  4 wights (D:7)
  A howler monkey (D:7)
  A centaur zombie (D:6)
  2 bullfrog zombies
  A centaur skeleton (D:7)
  4 orc priests
  A hound (D:5)
  A bullfrog skeleton (D:6)
  2 iguanas
  5 orc wizards
  10 gnolls
  A howler monkey skeleton (D:7)
  4 adders
  2 white imps (D:7)
  An ufetubus (D:7)
  2 worms
  3 dart slugs (D:2)
  15 orcs
  3 ball pythons
  5 bats
  7 endoplasms
  4 giant cockroaches
  7 goblins
  4 hobgoblins
  8 jackals
  3 quokkas
  A frilled lizard (D:1)
  3 kobolds
  3 rats
140 creatures vanquished.

Vanquished Creatures (others)
  86 fulminant prisms
86 creatures vanquished.

Grand Total: 226 creatures vanquished

Notes
Turn   | Place    | Note
-------+----------+-------------------------------------------
     0 | D:1      | ooooo the Octopode Conjurer began the quest for the Orb.
     0 | D:1      | Reached XP level 1. HP: 11/11 MP: 3/3
   312 | D:1      | Reached XP level 2. HP: 17/17 MP: 0/5
  1019 | D:1      | Reached XP level 3. HP: 6/21 MP: 1/6
  1022 | D:1      | Learned a level 2 spell: Searing Ray
  1575 | D:2      | Reached skill level 5 in Conjurations
  2086 | D:2      | Reached XP level 4. HP: 27/27 MP: 3/7
  3051 | D:3      | Noticed an orc warrior
  3221 | D:3      | Reached skill level 6 in Conjurations
  3222 | D:3      | Reached XP level 5. HP: 15/31 MP: 3/8
  3230 | D:3      | Learned a level 4 spell: Fulminant Prism
  4128 | D:4      | Found a staircase to the Ecumenical Temple.
  4134 | Temple   | Entered the Ecumenical Temple
  4258 | Temple   | Became a worshipper of Gozag Ym Sagoz the Greedy
  4673 | D:4      | Reached skill level 7 in Conjurations
  4683 | D:4      | Reached XP level 6. HP: 28/36 MP: 2/9
  5147 | D:4      | Found Babent's Antique Armour Boutique.
  5241 | D:5      | Entered Level 5 of the Dungeon
  5720 | D:5      | Noticed Blork the orc
  6029 | D:5      | Killed Blork the orc
  6323 | D:5      | Found a shadowy altar of Dithmenos.
  6366 | D:5      | Reached skill level 8 in Conjurations
  6503 | D:5      | Found a bloodstained altar of Trog.
  6621 | D:6      | Noticed an orc warrior
  6670 | D:3      | Killed an orc warrior
  6671 | D:3      | Reached XP level 7. HP: 41/41 MP: 2/10
  6897 | D:6      | Found a transporter.
  7414 | D:6      | Noticed Menkaure
  7446 | D:6      | Found an ancient bone altar of Kikubaaqudgha.
  7456 | D:6      | Found a basalt altar of Yredelemnul.
  7459 | D:6      | Found a transporter.
  7565 | D:6      | Found Dishu's Weapon Boutique.
  7580 | D:6      | Reached skill level 9 in Conjurations
  7680 | D:6      | Noticed Duvessa
  8351 | D:6      | Noticed Dowan
  8617 | D:6      | Reached XP level 8. HP: 14/46 MP: 1/11
  8933 | D:5      | Learned a level 4 spell: Iskenderun's Mystic Blast
  9098 | D:6      | Killed Duvessa
  9099 | D:6      | Reached skill level 10 in Conjurations
  9331 | D:6      | Killed Dowan
  9833 | D:7      | Noticed a five-headed hydra
  9863 | D:7      | Noticed Maggie
  9873 | D:7      | Noticed a yak
 10104 | D:7      | Reached skill level 11 in Conjurations
 10618 | D:7      | Noticed a yak
 11055 | D:7      | Killed Maggie
 11056 | D:7      | Reached skill level 12 in Conjurations
 11056 | D:7      | Reached XP level 9. HP: 23/51 MP: 3/12
 11373 | D:7      | Identified the ring of Vapar {rF- rCorr Str-2 Dex+6 SInv}
 11782 | D:7      | Reached skill level 13 in Conjurations
 12588 | D:7      | Noticed a boulder beetle
 12589 | D:7      | Noticed a troll
 13157 | D:5      | Reached skill level 14 in Conjurations
 13439 | D:5      | Reached XP level 10. HP: 17/56 MP: 2/13
 14943 | D:7      | Noticed a manticore
 15382 | D:7      | Noticed a boulder beetle
 16929 | D:7      | Killed a five-headed hydra
 16930 | D:7      | Reached skill level 15 in Conjurations
 17540 | D:7      | Killed a manticore
 17868 | D:7      | Noticed a six-headed hydra
 17900 | D:7      | Identified the +9 rapier "Keyv" {freeze, rC+ Int+5}
 17900 | D:7      | Identified the +1 robe "Goidgh" {Rampage Str+5}
 17900 | D:7      | Noticed a deep elf pyromancer
 18241 | D:7      | Found Reqie's Fire Supplies.
 18357 | D:7      | Identified the +0 helmet "Igaclay" {Int+2}
 18367 | D:7      | Killed a six-headed hydra
 18471 | D:7      | Noticed a white ugly thing
 18793 | D:7      | Killed a deep elf pyromancer
 18794 | D:7      | Reached skill level 16 in Conjurations
 19051 | D:7      | Slain by a white ugly thing

Illustrated notes

Levels and vault maps discovered:
D:1:      scummos_arrival_forest, layout_loops_corners, nrook_campfire
D:2:      layout_loops_ring, hangedman_decor_clover_reticule,
          chequers_serial_rivers_small_3
D:3:      layout_basic
D:4:      layout_basic, minmay_temple_entry_grid, serial_shops, shop,
          serial_park_tiny_1
D:5:      layout_loops_ring, lemuel_crystal_altar, kennysheep_mini,
          hangedman_abyss_or_decor_lesser_grid, uniq_blork_the_orc
D:6:      layout_cave_pools, gammafunk_temple_of_torment, serial_column_ruins,
          column_ruins_columns_corner, column_ruins_columns_straight,
          column_ruins_columns_corner, column_ruins_grid_3, column_ruins_grid_2,
          column_ruins_open_small, serial_shops,
          nicolae_shop_bloodbath_and_beyond, abandoned_shop, uniq_duvessa,
          uniq_menkaure
D:7:      minmay_the_grid_triangle_9x9_recursive_2
          [minmay_the_grid_triangle_9x9_prize_center,
          minmay_the_grid_triangle_9x9_sparse_checkered,
          minmay_the_grid_triangle_9x9_skeleton,
          minmay_the_grid_triangle_9x9_longest], layout_basic,
          nicolae_shop_fire_sale [nicolae_sub_dead_trees],
          kennysheep_minor_cross, uniq_maggie
Temple:   eino_temple_rhombus

Skill      XL: |  1  2  3  4  5  6  7  8  9 10 |
---------------+-------------------------------+-----
Conjurations   | 5 6 7 8 9 12 14 16 | 16.1
Dodging        | |  2.0
Stealth        | |  2.6
Spellcasting   | |  2.0

Action                   |  1- 3 |  4- 6 |  7- 9 | 10-12 || total
-------------------------+-------+-------+-------+-------++-------
Melee: Short sword       |    47 |    22 |    23 |     8 ||   100
       Constrict         |    10 |     4 |     3 |     2 ||    19
       Unarmed           |     1 |       |       |       ||     1
       Tentacles         |     8 |     5 |     6 |     5 ||    24
       Punch             |     1 |       |     1 |       ||     2
 Cast: Magic Dart        |    37 |    46 |     2 |       ||    85
       Searing Ray       |       |    13 |    21 |     6 ||    40
       Fulminant Prism   |       |     5 |    46 |    37 ||    88
       Iskenderun's Myst |       |       |    10 |    10 ||    20
Evoke: Wand              |       |       |     5 |     7 ||    12
  Use: Scroll            |       |    10 |     3 |     2 ||    15
       Potion            |       |       |       |     3 ||     3
 Stab: Sleeping          |     6 |       |       |       ||     6
       Paralysed         |       |       |     9 |       ||     9
Armor: Skin              |     6 |     2 |     3 |     1 ||    12
Dodge: Dodged            |    26 |    32 |    46 |    20 ||   124

Table legend: (Time is in decaauts)
 A = Elapsed time spent in this place.
 B = Non-inter-level travel time spent in this place.
 C = Inter-level travel time spent in this place.
 D = Time resting spent in this place.
 E = Time spent auto-exploring this place.
 F = Levels seen in this place.
 G = Mean time per level.
                   A        B        C        D        E       F      G
               +--------+--------+--------+--------+--------+-----+--------+
         Total |  19146 |  17512 |   1634 |   9249 |   5865 |   8 | 2393.2 |
       Dungeon |  18861 |  17242 |   1619 |   9107 |   5757 |   7 | 2694.4 |
        Temple |    285 |    270 |     15 |    142 |    108 |   1 |  285.0 |
               +--------+--------+--------+--------+--------+-----+--------+

Top non-repeatable levels by time:
     D:6: 7663 daAuts
     D:5: 3989 daAuts
     D:4: 1734 daAuts
     D:7: 1536 daAuts
     D:1: 1495 daAuts
     D:3: 1439 daAuts
     D:2: 1002 daAuts
  Temple: 285 daAuts
